[Event "Team 45 45 League T29"]
[Site "Internet Chess Club"]
[Date "2006.01.22"]
[Round "5"]
[White "room-matt"]
[Black "Beats20Cents"]
[Result "1-0"]
[WhiteElo "1874"]
[BlackElo "1720"]
[TimeControl "2700+45"]

1. e4 e5 2. Bc4 Nf6 3. d3 Nc6 4. Nc3 Bc5 5. f4 d6 6. Nf3 Bg4 7. Na4 Nd4 8. Nxc5
dxc5 9. c3 Bxf3 10. gxf3 Nc6 11. Qb3 Na5 12. Bxf7+ Kf8 13. Qa4 Kxf7 14. Qxa5
Qxd3 15. Qxc7+ Nd7 16. Qxb7 Kg6 17. Rg1+ Kf6 18. f5 Qd6 19. Bg5+ Kf7 20. Rd1
{Black resigns} 1-0  aics%

[Event "Team 45 45 League T29"]
[Site "Internet Chess Club"]
[Date "2006.01.20"]
[Round "5"]
[White "twinders"]
[Black "chessateer"]
[Result "1/2-1/2"]
[WhiteElo "1782"]
[BlackElo "1821"]
[TimeControl "2700+45"]

1. d4 Nf6 2. c4 d5 3. Nc3 c6 4. Nf3 e6 5. Bg5 Be7 6. e3 O-O 7. cxd5 Nxd5 8. Bxe7
Qxe7 9. Nxd5 exd5 10. Bd3 Nd7 11. O-O Nf6 12. Qc2 Bg4 13. Ne5 Bh5 14. h3 Ne4 15.
Bxe4 dxe4 16. g4 f6 17. gxh5 fxe5 18. Qxe4 Qg5+ 19. Qg4 Qxg4+ 20. hxg4 exd4 21.
exd4 Rf4 22. f3 Rxd4 23. Rae1 Rd2 24. Rf2 Rad8 25. Ree2 Rxe2 {Game drawn by
mutual agreement} 1/2-1/2  aics%

[Event "Team 45 45 League T29"]
[Site "Internet Chess Club"]
[Date "2006.01.24"]
[Round "5"]
[White "clarinetref"]
[Black "autobot"]
[Result "1-0"]
[WhiteElo "1554"]
[BlackElo "1613"]
[TimeControl "2700+45"]

1. Nf3 d5 2. c4 Nf6 3. g3 Bg4 4. Bg2 e6 5. b3 c5 6. cxd5 exd5 7. O-O Nc6 8. Bb2
Be7 9. d4 O-O 10. Re1 Rc8 11. Na3 Bxf3 12. Bxf3 cxd4 13. Nc2 Ne4 14. Nxd4 Qb6
15. e3 Nxd4 16. Bxd4 Qg6 17. Bxa7 Rfd8 18. Bd4 h5 19. Bxh5 Qf5 20. Qf3 Qe6 21.
Qg4 Qh6 22. Qe2 Rc6 23. Bf3 Qh3 24. Bg2 Qf5 25. Rac1 Rh6 26. Rc7 Bd6 27. Rxb7
Rc8 28. Qf3 Qg6 29. Rb6 Rc2 30. Rf1 {Black forfeits on time} 1-0  aics%

[Event "Team 45 45 League T29"]
[Site "Internet Chess Club"]
[Date "2006.01.23"]
[Round "5"]
[White "Bort"]
[Black "Div-anand"]
[Result "0-1"]
[WhiteElo "1977"]
[BlackElo "1959"]
[TimeControl "2700+45"]

1. d4 Nf6 2. c4 g6 3. Nc3 Bg7 4. e4 d6 5. Nf3 O-O 6. Be2 e5 7. d5 Nbd7 8. Be3 a5
9. Nd2 Ne8 10. g4 Nc5 11. Nb3 b6 12. h4 f5 13. gxf5 gxf5 14. exf5 Bxf5 15. Nxc5
bxc5 16. Bd3 e4 17. Nxe4 Bxe4 18. Bxe4 Bxb2 19. Bxh7+ Kh8 20. Qh5 Nf6 21. Qe2
Bc3+ 22. Kd1 Nxh7 23. Rc1 Qf6 24. Rh2 Be5 25. Rh3 Qf5 26. Qf1 Rab8 {White
resigns} 0-1  aics%

[Event "Team 45 45 League T29"]
[Site "Internet Chess Club"]
[Date "2006.01.23"]
[Round "5"]
[White "rjml"]
[Black "forketta"]
[Result "1-0"]
[WhiteElo "1948"]
[BlackElo "1892"]
[TimeControl "2700+45"]

1. e4 c5 2. Nf3 d6 3. d4 cxd4 4. Nxd4 Nf6 5. Nc3 a6 6. f3 e6 7. Be3 Nc6 8. Qd2
Be7 9. g4 O-O 10. O-O-O Nxd4 11. Bxd4 b5 12. g5 Nd7 13. h4 b4 14. Ne2 a5 15. Ng3
Ne5 16. Qf2 Qc7 17. f4 Ng4 18. Qf3 e5 19. Bg1 exf4 20. Nf5 Ne5 21. Qxf4 Be6 22.
h5 Rfc8 23. Nxe7+ Qxe7 24. h6 Qc7 25. Rd2 b3 26. a3 Nc4 27. Bxc4 Qxc4 28. hxg7
bxc2 29. Rxh7 f5 30. g6 Qxe4 31. Qxe4 fxe4 32. Bd4 {Black resigns} 1-0  aics%

[Event "Team 45 45 League T29"]
[Site "Internet Chess Club"]
[Date "2006.01.23"]
[Round "5"]
[White "GolferBob"]
[Black "MaunaKeaMike"]
[Result "1/2-1/2"]
[WhiteElo "1724"]
[BlackElo "1786"]
[TimeControl "2700+45"]

1. d4 Nf6 2. Nf3 d5 3. Bf4 c5 4. e3 Qb6 5. b3 g6 6. Nbd2 Bg7 7. c3 O-O 8. Be2
Nc6 9. h3 Bf5 10. O-O cxd4 11. Nxd4 Nxd4 12. cxd4 Rac8 13. Rc1 Rxc1 14. Qxc1 Rc8
{Game drawn by mutual agreement} 1/2-1/2  aics%

[Event "Team 45 45 League T29"]
[Site "Internet Chess Club"]
[Date "2006.01.23"]
[Round "5"]
[White "quangliem"]
[Black "Rossinantes"]
[Result "1-0"]
[WhiteElo "2397"]
[BlackElo "2361"]
[TimeControl "2700+45"]

1. d4 Nf6 2. Nf3 g6 3. c4 d5 4. cxd5 Nxd5 5. e4 Nf6 6. Nc3 Bg7 7. h3 O-O 8. Bg5
h6 9. Be3 a6 10. Qd2 Kh7 11. Rc1 b5 12. e5 Nfd7 13. a4 c5 14. dxc5 b4 15. Nd5
Nc6 16. Rd1 Qa5 17. Be2 Ndxe5 18. Nxe5 Nxe5 19. Nb6 Rb8 20. f4 Nc6 21. Bf3 Bb7
22. O-O e5 23. Nd7 Rfd8 24. Qf2 exf4 25. Bxf4 Rbc8 26. Nb6 Bd4 27. Rxd4 Nxd4 28.
Bxb7 Rxc5 29. Bd6 Rf5 30. Qxd4 Rxf1+ 31. Kxf1 Qf5+ 32. Bf3 Qe6 33. Nc4 Re8 34.
Kg1 {Black resigns} 1-0  aics%

[Event "Team 45 45 League T29"]
[Site "Internet Chess Club"]
[Date "2006.01.22"]
[Round "5"]
[White "vutru"]
[Black "WesleyCrusher"]
[Result "1/2-1/2"]
[WhiteElo "2224"]
[BlackElo "2093"]
[TimeControl "2700+45"]

1. d4 Nf6 2. c4 e6 3. Nf3 b6 4. g3 Bb7 5. Bg2 Be7 6. O-O O-O 7. Nc3 Ne4 8. Qc2
Nxc3 9. Qxc3 d5 10. Bf4 c6 11. Rfe1 Nd7 12. Rad1 b5 13. cxb5 cxb5 14. Bc7 Qe8
15. Qa5 Nf6 16. Rc1 Ne4 17. Ne5 Nd6 18. b3 b4 19. e3 Nb5 20. Bf1 Nxc7 21. Qxc7
Bc8 22. Nc6 Bd7 23. Nxe7+ Qxe7 24. Bb5 Rfd8 25. Bc6 Rab8 26. Rc5 Qe8 27. Rec1
Bxc6 28. Rxc6 Rd7 29. Qa5 g6 30. Rc7 Rxc7 31. Qxc7 Qd8 32. Qxa7 Ra8 33. Qb7 Qb8
34. Qd7 Qd8 35. Qb5 Rb8 36. Qc5 Kg7 37. a4 bxa3 38. Qxa3 Qb6 39. Rc3 Rb7 40. Rc8
Qxb3 41. Qf8+ Kf6 42. Qh8+ Kg5 43. h4+ Kh6 44. Qf8+ Kh5 45. Qd8 Qd1+ 46. Kh2 h6
47. Rb8 Ra7 48. Ra8 Rb7 49. Rb8 Ra7 50. Ra8 Rb7 51. Rb8 {Game drawn by
repetition} 1/2-1/2  aics%

[Event "Team 45 45 League T29"]
[Site "Internet Chess Club"]
[Date "2006.01.21"]
[Round "5"]
[White "trevor21"]
[Black "Neo-Myshkin"]
[Result "1-0"]
[WhiteElo "2142"]
[BlackElo "1868"]
[TimeControl "2700+45"]

1. d4 Nf6 2. c4 e6 3. Nc3 Bb4 4. a3 Bxc3+ 5. bxc3 c5 6. f3 O-O 7. e4 d6 8. Bd3
Nc6 9. Be3 Qa5 10. Qd2 e5 11. d5 Nb8 12. Ne2 Nbd7 13. O-O Kh8 14. Ng3 Nb6 15. h3
Qa4 16. Qe2 Ng8 17. f4 Ne7 18. fxe5 dxe5 19. Bxc5 Re8 20. Rxf7 Ng6 21. Be3 Qb3
22. Nh5 Qxc3 23. Rc1 Qxa3 24. Rxg7 Rf8 25. Rf1 Rxf1+ 26. Qxf1 Qf8 27. Rf7 Qd6
28. Nf6 Nf8 29. Bh6 Qc5+ 30. Kh1 {Black resigns} 1-0  aics%

[Event "Team 45 45 League T29"]
[Site "Internet Chess Club"]
[Date "2006.01.23"]
[Round "5"]
[White "phoenix10q72"]
[Black "Cuby"]
[Result "1/2-1/2"]
[WhiteElo "2298"]
[BlackElo "2144"]
[TimeControl "2700+45"]

1. e4 c5 2. Nf3 d6 3. d4 cxd4 4. Nxd4 Nf6 5. Nc3 a6 6. f3 e6 7. Be3 b5 8. g4 h6
9. Qd2 b4 10. Nce2 e5 11. Nf5 d5 12. Rd1 d4 13. c3 g6 14. Nfg3 bxc3 15. bxc3 Qa5
16. Nxd4 exd4 17. Bxd4 Bg7 18. e5 Nh7 19. e6 Bxd4 20. Qxd4 f6 21. Bd3 Qe5+ 22.
Qxe5 fxe5 23. Bxg6+ Ke7 24. Nf5+ Kf6 25. e7 Bxf5 26. e8=Q Rxe8 27. Bxe8 Be6 28.
Kf2 Ke7 29. Ba4 Nf6 30. h4 Nd5 31. Rd3 Nb6 32. Bb3 Bxb3 33. axb3 N8d7 34. Re1
Rf8 35. Kg3 Ke6 36. Red1 Ke7 37. c4 a5 38. Rd6 Rf6 39. Rxf6 Nxf6 40. Ra1 a4 41.
c5 Nbd7 42. b4 e4 43. fxe4 Nxe4+ 44. Kf3 Nc3 45. Ra3 Ne5+ 46. Kg3 Nd5 47. Rxa4
Nd3 48. Ra7+ Ke8 49. b5 Nxc5 50. Rh7 Ne4+ 51. Kf3 Nd6 52. b6 Nxb6 53. Rxh6 Nbc8
54. Kf4 Nf7 55. Re6+ Kf8 56. h5 Ne7 57. g5 Nd5+ 58. Kg4 Nc7 59. Rf6 Nd5 60. Rf2
Kg7 61. g6 Nf6+ 62. Kh4 Ne5 63. Rf5 Ned7 64. Rf4 Kh6 65. Rd4 Ne5 66. Rd6 Nf3+
67. Kh3 Ng5+ {Game drawn by mutual agreement} 1/2-1/2  aics%

[Event "Team 45 45 League T29"]
[Site "Internet Chess Club"]
[Date "2006.01.24"]
[Round "5"]
[White "Phosphorus"]
[Black "jorobo"]
[Result "0-1"]
[WhiteElo "2187"]
[BlackElo "2151"]
[TimeControl "2700+45"]

1. e4 e6 2. d4 d5 3. Nc3 Bb4 4. Bd2 dxe4 5. Qg4 Nf6 6. Qxg7 Rg8 7. Qh6 Qxd4 8.
O-O-O Ng4 9. Qxh7 Rh8 10. Qxe4 Bxc3 11. Bb5+ c6 12. Ne2 {White resigns} 0-1 
aics%

[Event "Team 45 45 League T29"]
[Site "Internet Chess Club"]
[Date "2006.01.23"]
[Round "5"]
[White "Kingofknights"]
[Black "nightflier"]
[Result "0-1"]
[WhiteElo "1696"]
[BlackElo "1968"]
[TimeControl "2700+45"]

1. d4 d5 2. c4 e6 3. Nc3 Nf6 4. Bg5 Be7 5. e3 h6 6. Bh4 O-O 7. Nf3 b6 8. cxd5
Nxd5 9. Nxd5 Bxh4 10. Nxh4 exd5 11. Nf3 c5 12. dxc5 bxc5 13. Rc1 d4 14. Rxc5 Nd7
15. Rd5 dxe3 16. fxe3 Qe7 17. Qd4 Nf6 18. Re5 Be6 19. Be2 Rfd8 20. Qc5 Rd6 21.
Nd4 Nd7 22. Qc7 Rxd4 23. exd4 Qh4+ 24. g3 Qxd4 25. Rxe6 fxe6 26. Qc4 Qb6 27. Qc3
Nf6 28. Rf1 Rd8 29. b3 Ne4 30. Qf3 Qb4+ {White resigns} 0-1  aics%

[Event "Team 45 45 League T29"]
[Site "Internet Chess Club"]
[Date "2006.01.21"]
[Round "5"]
[White "Solomons"]
[Black "iwulu"]
[Result "1-0"]
[WhiteElo "2488"]
[BlackElo "2368"]
[TimeControl "2700+45"]

1. d4 d5 2. c4 c6 3. Nc3 Nf6 4. e3 e6 5. Qc2 Nbd7 6. cxd5 exd5 7. Nge2 Bd6 8. g3
O-O 9. Bg2 Re8 10. O-O Nf8 11. f3 Qb6 12. Na4 Qa6 13. e4 dxe4 14. fxe4 Bg4 15.
Nec3 Qc4 16. Qf2 Bh5 17. h3 N6d7 18. e5 Bc7 19. b3 Qb4 20. Bd2 Qe7 21. Rac1 Rac8
22. Ne4 Ne6 23. b4 f6 24. exf6 Nxf6 25. Nxf6+ Qxf6 26. g4 Qxf2+ 27. Rxf2 Bg6 28.
d5 Nd4 29. dxc6 Bg3 30. Bd5+ Kh8 31. cxb7 Rxc1+ 32. Bxc1 Ne2+ 33. Rxe2 Rxe2 34.
Nc5 h5 35. gxh5 Bf5 36. a3 Bxh3 37. Nd3 Bh2+ 38. Kh1 Bb8 39. Bf4 Re8 40. Bxb8
Rxb8 41. Nc5 {Black resigns} 1-0  aics%

[Event "Team 45 45 League T29"]
[Site "Internet Chess Club"]
[Date "2006.01.21"]
[Round "5"]
[White "SkinnyPuppy"]
[Black "akdog3"]
[Result "1/2-1/2"]
[WhiteElo "2170"]
[BlackElo "2211"]
[TimeControl "2700+45"]

1. e4 Nf6 2. e5 Nd5 3. c4 Nb6 4. c5 Nd5 5. Nc3 e6 6. Nxd5 exd5 7. d4 d6 8. Be3
dxe5 9. dxe5 Be7 10. Nf3 O-O 11. Qb3 b6 12. Rd1 Be6 13. Qc3 bxc5 14. Bxc5 Bxc5
15. Qxc5 Nd7 16. Qa3 c5 17. Bb5 Rb8 18. Bc6 Qc7 19. Bxd5 Nxe5 20. Bxe6 fxe6 21.
Qc3 Rf5 22. Nd4 Rf6 23. O-O Ng4 24. f4 Rxf4 25. Rxf4 Qxf4 26. Nf3 c4 27. Rd4
Qe3+ 28. Qxe3 Nxe3 29. Kf2 Nf5 30. Rd2 Rb5 31. g4 Ne7 32. a4 Rd5 33. Rc2 Rc5 34.
Nd2 Kf7 35. Rxc4 Rd5 36. Ne4 a5 37. b4 axb4 38. Rxb4 h5 39. h3 Rd3 40. a5 Ra3
41. Rb5 hxg4 42. hxg4 Nc6 43. Nd6+ Kf6 44. g5+ Kg6 45. Nc4 Ra4 46. Ne5+ Nxe5 47.
Rxe5 Ra3 48. Ke2 Kf7 49. Kd2 Ke7 50. Kc2 Kd6 51. Kb2 Ra4 52. Kb3 Ra1 53. Rb5 Kc6
54. Rb6+ Kc5 55. Rxe6 Kd5 56. Ra6 Kc5 57. g6 Kb5 58. Ra7 Rg1 59. Rxg7 Rg3+ 60.
Kc2 Kxa5 61. Rg8 Kb6 62. g7 Kb7 63. Kd2 Ka7 64. Ke2 Kb7 65. Kf2 Rg6 66. Kf3 Rg1
{Game drawn by mutual agreement} 1/2-1/2  aics%

[Event "Team 45 45 League T29"]
[Site "Internet Chess Club"]
[Date "2006.01.23"]
[Round "5"]
[White "syy89"]
[Black "chesskilleruk"]
[Result "1/2-1/2"]
[WhiteElo "2113"]
[BlackElo "2279"]
[TimeControl "2700+45"]

1. e4 c6 2. d4 d6 3. Nc3 Nd7 4. Nf3 e5 5. Be3 Ngf6 6. h3 g6 7. Qd2 Bg7 8. O-O-O
O-O 9. dxe5 dxe5 10. Nxe5 Nxe4 11. Nxe4 Bxe5 12. Nc5 Qf6 13. Nd3 Bc7 14. Bg5 Qe6
15. Kb1 Nb6 16. Bh6 Rd8 17. Re1 Qc4 18. Nf4 Bf5 19. Qxd8+ Rxd8 20. Bxc4 Nxc4 21.
Nd3 Bb6 22. g4 Be6 23. Bc1 Bd5 24. Rh2 Bc7 25. f4 Bd6 26. Rhe2 Be6 27. f5 Bd7
28. fxg6 hxg6 29. Bf4 Bf8 30. Ne5 Nxe5 31. Bxe5 Be6 32. Bc3 b5 33. b3 Ba3 34.
Bb2 Bb4 35. c3 Bf8 36. Rxe6 fxe6 37. Rxe6 Rd6 38. Rxd6 Bxd6 39. Kc2 Kf7 40. Kd3
Kf6 41. Bc1 Ke5 42. Bg5 c5 43. h4 Kd5 44. h5 gxh5 45. gxh5 c4+ 46. bxc4+ bxc4+
47. Ke3 Be5 48. Kd2 Ke4 49. h6 Kf5 50. Be3 a6 51. h7 Kg6 52. h8=Q Bxh8 53. Bd4
Bf6 54. Ke3 Be7 55. Ke4 Kg5 56. Kd5 Kf4 57. Kxc4 Ke4 58. Bc5 Bf6 59. Bd4 Be7 60.
Kb3 Kd5 61. Ka4 Bd8 62. Bg7 Kc4 63. Bd4 Bc7 {Game drawn by mutual agreement}
1/2-1/2  aics%

[Event "Team 45 45 League T29"]
[Site "Internet Chess Club"]
[Date "2006.01.21"]
[Round "5"]
[White "searchforbobby1"]
[Black "DTK"]
[Result "1/2-1/2"]
[WhiteElo "2171"]
[BlackElo "2158"]
[TimeControl "2700+45"]

1. f4 d5 2. Nf3 Nf6 3. e3 g6 4. Be2 Bg7 5. O-O O-O 6. Qe1 c5 7. d4 Bf5 8. c3
Nbd7 9. Qh4 Bxb1 10. Rxb1 e6 11. Bd2 Ne4 12. Qh3 Rc8 13. Be1 Ndf6 14. Bh4 cxd4
15. exd4 Qc7 16. Bg5 Nh5 17. g3 f5 18. Bd3 a6 19. Bxe4 dxe4 20. Ne5 b5 21. a3 a5
{Game drawn by mutual agreement} 1/2-1/2  aics%

[Event "Team 45 45 League T29"]
[Site "Internet Chess Club"]
[Date "2006.01.22"]
[Round "5"]
[White "GoIrish"]
[Black "qs16"]
[Result "1-0"]
[WhiteElo "1598"]
[BlackElo "1657"]
[TimeControl "2700+45"]

1. Nf3 Nf6 2. d3 e6 3. g3 b6 4. Bg2 Bb7 5. O-O Be7 6. e4 d5 7. e5 Nfd7 8. d4 c5
9. c3 O-O 10. h4 Nc6 11. Be3 Rc8 12. Nbd2 cxd4 13. cxd4 Ba6 14. Re1 Nb4 15. Bf1
Bxf1 16. Rxf1 Nc2 17. Rc1 Nxe3 18. fxe3 f5 19. exf6 Rxf6 20. Rxc8 Qxc8 21. Ng5
Rg6 22. Qf3 Qe8 23. Qh5 Bxg5 24. hxg5 e5 25. Nf3 exd4 26. exd4 Qe3+ 27. Kg2 Qe2+
28. Rf2 Qe4 29. Qh3 Nf8 30. Qh4 Qe3 31. Qf4 Qe7 32. Qe5 Qd8 33. Rc2 Ne6 34. Nh4
Nxd4 35. Qxd4 Rxg5 36. Nf3 Rf5 37. Qg4 g6 38. Nd4 Rf8 39. Ne6 Qd7 40. Rc7 Qd6
41. Rg7+ Kh8 42. Rxa7 Rc8 43. Qd4+ {Black resigns} 1-0  aics%

[Event "Team 45 45 League T29"]
[Site "Internet Chess Club"]
[Date "2006.01.22"]
[Round "5"]
[White "GadsHill"]
[Black "TheBrewer"]
[Result "1-0"]
[WhiteElo "1605"]
[BlackElo "1559"]
[TimeControl "2700+45"]

1. d4 d5 2. c4 dxc4 3. Nf3 Nf6 4. e3 e6 5. Bxc4 a6 6. Qe2 b5 7. Bb3 c5 8. dxc5
Bxc5 9. O-O O-O 10. e4 Bb7 11. Bg5 Be7 12. Nbd2 Nc6 13. Rfd1 Nd7 14. Bf4 e5 15.
Bg3 Bf6 16. Bd5 Qe7 17. Nb3 Rab8 18. Rac1 Nd8 19. Rc7 Qe8 20. Bxb7 Rxb7 21.
Rdxd7 Rxc7 22. Rxc7 Ne6 23. Ra7 Qc8 24. h3 Nf4 25. Bxf4 exf4 26. e5 Bd8 27. Qd3
Bb6 28. Rd7 Rd8 29. Rxd8+ Bxd8 30. Qc3 Qxc3 31. bxc3 Ba5 32. Nxa5 {Black
resigns} 1-0  aics%

[Event "Team 45 45 League T29"]
[Site "Internet Chess Club"]
[Date "2006.01.21"]
[Round "5"]
[White "fredd"]
[Black "hansolo1000"]
[Result "0-1"]
[WhiteElo "1580"]
[BlackElo "1637"]
[TimeControl "2700+45"]

1. d4 Nf6 2. c4 d5 3. Nf3 g6 4. Nc3 Bg7 5. e3 O-O 6. Qb3 e6 7. Bd3 b6 8. cxd5
exd5 9. O-O c5 10. Qd1 Nbd7 11. Re1 Bb7 12. b3 Ne4 13. Bxe4 dxe4 14. Ne5 Nxe5
15. dxe5 Bxe5 16. Bb2 Ba6 17. Na4 Bxb2 18. Nxb2 Qf6 19. Rb1 Rad8 20. Qc2 Bd3 21.
Nxd3 Rxd3 22. Rbd1 Rfd8 23. Rxd3 Rxd3 24. h3 Qd6 25. Qc4 Qd5 26. Qa6 Qd7 27. Qc4
Rd1 28. Rxd1 Qxd1+ 29. Qf1 Qxf1+ 30. Kxf1 Kf8 31. Ke2 Ke7 32. Kd2 Kd6 33. Kc3
Kd5 34. b4 a6 35. a3 cxb4+ 36. Kxb4 g5 37. g3 Ke5 38. Kc4 f5 39. a4 f4 40. Kb4
fxg3 41. fxg3 Kd5 42. h4 gxh4 43. gxh4 h5 44. Kb3 Kc5 45. Kc3 b5 46. axb5 axb5
47. Kb3 b4 48. Kb2 Kc4 49. Kc2 b3+ 50. Kb2 Kd3 51. Kxb3 Kxe3 52. Kc2 Kf2 53. Kd1
e3 54. Kc1 e2 55. Kb1 e1=Q+ 56. Ka2 Qe3 57. Kb1 Kg3 58. Kc2 Kxh4 59. Kd1 Kg4 60.
Kc2 h4 61. Kd1 h3 62. Kc2 h2 {White resigns} 0-1  aics%

[Event "Team 45 45 League T29"]
[Site "Internet Chess Club"]
[Date "2006.01.21"]
[Round "5"]
[White "Cantemir"]
[Black "Katie"]
[Result "0-1"]
[WhiteElo "1544"]
[BlackElo "1526"]
[TimeControl "2700+45"]

1. Nf3 d5 2. d4 Nf6 3. e3 e6 4. c4 c5 5. b3 Nc6 6. a3 a6 7. Bd3 dxc4 8. bxc4
cxd4 9. O-O dxe3 10. Bxe3 Be7 11. Qc2 O-O 12. Rd1 Qc7 13. Nbd2 h6 14. Nf1 b6 15.
Ng3 Bb7 16. Rab1 b5 17. c5 Rfd8 18. h3 Rac8 19. Bf1 Ne5 20. Nxe5 Qxe5 21. Rxd8+
Rxd8 22. c6 Rc8 23. a4 Rxc6 24. Qb3 b4 25. Ne2 a5 26. Bf4 Qd5 27. Qg3 Nh5 28.
Qg4 Nxf4 29. Nxf4 Qf5 30. Qxf5 exf5 31. Bb5 Rc2 32. Re1 Kf8 33. Re5 g6 34. Bd3
Rc1+ 35. Kh2 Bd6 36. Ne6+ fxe6 37. f4 Bxe5 38. fxe5 b3 39. Kg3 Be4 40. Bc4 Rxc4
{White resigns} 0-1  aics%

[Event "Team 45 45 League T29"]
[Site "Internet Chess Club"]
[Date "2006.01.22"]
[Round "5"]
[White "crankn8tr"]
[Black "C-Jones"]
[Result "1-0"]
[WhiteElo "1552"]
[BlackElo "1585"]
[TimeControl "2700+45"]

1. e4 e6 2. d4 d5 3. Nc3 Nf6 4. e5 Nfd7 5. Bd2 c5 6. f4 cxd4 7. Nb5 Nc6 8. Nf3
Bc5 9. c3 a6 10. Nbxd4 Qb6 11. Bc1 Qa5 12. Nxc6 bxc6 13. b4 Bxb4 14. cxb4 Qxb4+
15. Qd2 Qxd2+ 16. Bxd2 c5 17. Be2 O-O 18. O-O c4 19. Bb4 Re8 20. Rab1 Nb8 21.
Nd4 Bd7 22. Ba5 Nc6 23. Nxc6 Bxc6 24. Rb6 Bb5 25. Bc3 Reb8 26. Rd6 Rd8 27. Bb4
Rxd6 28. Bxd6 Rc8 29. Rc1 h6 30. Kf2 d4 31. Bf3 d3 32. Ke3 c3 33. Bb4 d2 34.
Rxc3 Rd8 35. Bd6 {Black resigns} 1-0  aics%

[Event "Team 45 45 League T29"]
[Site "Internet Chess Club"]
[Date "2006.01.21"]
[Round "5"]
[White "Fegary"]
[Black "AVEMARIA"]
[Result "0-1"]
[WhiteElo "1610"]
[BlackElo "1598"]
[TimeControl "2700+45"]

1. e4 c5 2. Nc3 e6 3. Nge2 a6 4. g3 b5 5. Bg2 Bb7 6. O-O Qc7 7. d4 cxd4 8. Nxd4
Be7 9. Re1 d6 10. a4 b4 11. Na2 e5 12. Nf5 Bf6 13. Nxd6+ Ke7 14. Nf5+ Kf8 15.
Nxb4 Nc6 16. Nxc6 Bxc6 17. b3 Rd8 18. Qg4 g6 19. Ba3+ Ke8 20. Ne3 Ne7 21. Nc4 h5
22. Qf3 Nf5 23. Qc3 Nd4 24. Rad1 h4 25. g4 Ne2+ 26. Rxe2 Rxd1+ 27. Bf1 Qd7 28.
Na5 Qxg4+ {White resigns} 0-1  aics%

[Event "Team 45 45 League T29"]
[Site "Internet Chess Club"]
[Date "2006.01.23"]
[Round "5"]
[White "JesterFox"]
[Black "chesskix"]
[Result "0-1"]
[WhiteElo "1530"]
[BlackElo "1412"]
[TimeControl "2700+45"]

1. c4 e5 2. Nc3 c5 3. g3 Nf6 4. Bg2 Nc6 5. e3 g6 6. Nge2 Bg7 7. O-O O-O 8. a3 d6
9. Rb1 Bf5 10. d3 Qc8 11. b4 Rd8 12. b5 Ne7 13. a4 Bh3 14. a5 Bxg2 15. Kxg2 b6
16. Ra1 Qb7+ 17. Kg1 d5 18. cxd5 Nexd5 19. e4 Nb4 20. a6 Qc8 21. Qb3 Rxd3 22.
Ba3 Nxe4 23. Bxb4 cxb4 24. Qxb4 Nxc3 25. Nxc3 Rxc3 26. Rfd1 e4 27. Ra2 Qg4 28.
Rad2 Rc5 29. Rd7 Rac8 30. Qb3 Qe6 31. Qb1 Rc1 32. Rd8+ Rxd8 33. Rxc1 e3 34. Kg2
e2 35. Re1 Qd5+ 36. f3 Qd1 {White resigns} 0-1  aics%  thewiz(90): one more
aics%

[Event "Team 45 45 League T29"]
[Site "Internet Chess Club"]
[Date "2006.01.20"]
[Round "5"]
[White "Chessnut"]
[Black "MPknight"]
[Result "1-0"]
[WhiteElo "1735"]
[BlackElo "1593"]
[TimeControl "2700+45"]

1. e4 c5 2. Nf3 d6 3. d4 cxd4 4. Nxd4 Nf6 5. Nc3 a6 6. Be3 e6 7. f3 Nc6 8. Qd2
Nxd4 9. Qxd4 e5 10. Qd2 Be6 11. O-O-O h6 12. g4 Be7 13. Be2 Rc8 14. Kb1 Bc4 15.
Bxc4 Rxc4 16. h4 Rc6 17. g5 hxg5 18. hxg5 Rxh1 19. Rxh1 Nd7 20. Nd5 Bf8 21. Rh8
Nc5 22. Qh2 Ne6 23. Qg1 Qc8 24. c3 Qd8 25. Qg4 Kd7 26. g6 f6 27. Qf5 b5 28. f4
exf4 29. Nxf4 Qe7 30. Nxe6 Qxe6 31. Qxe6+ Kxe6 32. Rxf8 Rc7 33. Kc2 a5 34. Kd3
Rb7 35. Bf4 Ke7 36. Rf7+ {Black resigns} 1-0  aics%

[Event "Team 45 45 League T29"]
[Site "Internet Chess Club"]
[Date "2006.01.22"]
[Round "5"]
[White "charles-allen"]
[Black "RingLord"]
[Result "1/2-1/2"]
[WhiteElo "1532"]
[BlackElo "1652"]
[TimeControl "2700+45"]

1. e4 c5 2. d4 cxd4 3. c3 dxc3 4. Nxc3 Nc6 5. Nf3 d6 6. Bc4 e6 7. O-O Be7 8. Qe2
Nf6 9. Rd1 e5 10. h3 O-O 11. Be3 a6 12. Rac1 b5 13. Bd5 Nxd5 14. Nxd5 Bb7 15.
Bb6 Qd7 16. Rxc6 Bxc6 17. Nxe5 Qb7 18. Nxe7+ Qxe7 19. Nxc6 Qe6 20. Rd5 Rfe8 21.
Qd3 Qxe4 22. Qxe4 Rxe4 23. Rxd6 Re2 24. Bd4 Re6 25. Rxe6 fxe6 26. Bc3 g6 27. a3
Kf8 28. Kf1 Rc8 29. Ne5 Ke7 30. Ke2 Kd6 31. f4 Kd5 32. Ke3 g5 33. g3 gxf4+ 34.
gxf4 Rg8 {Game drawn by mutual agreement} 1/2-1/2  aics%

[Event "Team 45 45 League T29"]
[Site "Internet Chess Club"]
[Date "2006.01.22"]
[Round "5"]
[White "jacknor"]
[Black "BraafPaard"]
[Result "0-1"]
[WhiteElo "1582"]
[BlackElo "1477"]
[TimeControl "2700+45"]

1. d4 Nf6 2. Nf3 e6 3. Bg5 d5 4. Nbd2 Be7 5. e3 O-O 6. Bd3 Nbd7 7. Ne5 c5 8. c3
c4 9. Bc2 Nxe5 10. dxe5 Nd7 11. Bxe7 Qxe7 12. f4 Qh4+ 13. g3 Qe7 14. Qe2 b5 15.
Nf3 Bb7 16. e4 dxe4 17. Bxe4 Bxe4 18. Qxe4 Nc5 19. Qc2 Nd3+ 20. Kf1 Qb7 21. Kg2
Qe4 22. Qd2 Rad8 23. Rhe1 Nxe1+ 24. Qxe1 Qxe1 25. Rxe1 Rd3 26. Re2 Rfd8 27. Nd4
b4 28. Nc6 R8d7 29. Nxb4 Rd2 30. Kf2 Rxe2+ 31. Kxe2 a5 32. Nc6 Rb7 33. Nxa5
Rxb2+ 34. Ke3 Rxa2 35. Nxc4 Rxh2 36. Nd6 Rg2 37. Kf3 Rc2 38. Ne4 Kf8 39. Ke3 Ke7
40. Kd3 Ra2 41. c4 f5 42. exf6+ gxf6 43. c5 f5 44. Nc3 Rg2 45. Kc4 Rxg3 46. Nb5
Rg4 47. c6 Rxf4+ 48. Kc5 Rf1 49. Kb6 Rb1 50. Kc5 Kd8 51. Kb6 Rxb5+ 52. Kxb5 Kc7
53. Kc5 h5 54. Kd4 h4 55. Ke3 Kxc6 56. Kf3 Kd5 {White resigns} 0-1  aics%

[Event "Team 45 45 League T29"]
[Site "Internet Chess Club"]
[Date "2006.01.21"]
[Round "5"]
[White "john-beebs"]
[Black "EyeAm"]
[Result "1/2-1/2"]
[WhiteElo "1591"]
[BlackElo "1369"]
[TimeControl "2700+45"]

1. e4 e5 2. Nf3 Nf6 3. Nc3 Nc6 4. Bb5 Nd4 5. Nxe5 Nxb5 6. Nxb5 c6 7. Nc3 d6 8.
Nf3 Bg4 9. O-O Be7 10. d4 O-O 11. Re1 Re8 12. Bf4 Nh5 13. Bg3 Nxg3 14. fxg3 Bf6
15. h3 Bxf3 16. gxf3 Qb6 17. Ne2 Qxb2 18. Rb1 Qxa2 19. Rxb7 Rab8 20. Rxb8 Rxb8
21. e5 dxe5 22. dxe5 Rd8 23. Qa1 Qxa1 24. Rxa1 Bxe5 25. Rxa7 g5 26. Kg2 Rd2 27.
Kf1 Rxc2 28. Re7 Bf6 29. Re4 c5 30. f4 h6 31. Ke1 gxf4 32. Rxf4 Bg5 33. Rg4 f5
34. Ra4 h5 35. h4 Bh6 36. Nf4 Bxf4 37. gxf4 c4 38. Kd1 Rh2 39. Rxc4 Rxh4 40. Ke2
Kg7 41. Kf3 Kg6 42. Rc6+ Kg7 43. Rc7+ Kg6 {Game drawn by mutual agreement}
1/2-1/2  aics%

[Event "Team 45 45 League T29"]
[Site "Internet Chess Club"]
[Date "2006.01.21"]
[Round "5"]
[White "ElmerHo"]
[Black "room-matt"]
[Result "0-1"]
[WhiteElo "1647"]
[BlackElo "1883"]
[TimeControl "2700+45"]

1. e4 e5 2. Nf3 Nc6 3. Bb5 a6 4. Ba4 b5 5. Bb3 Na5 6. O-O d6 7. d4 Nxb3 8. axb3
exd4 9. Qxd4 Bb7 10. Nbd2 Nf6 11. Re1 c5 12. Qd3 Be7 13. c4 b4 14. e5 dxe5 15.
Qxd8+ Rxd8 16. Nxe5 O-O 17. Nc6 Bxc6 18. Rxe7 Rfe8 19. Rxe8+ Rxe8 20. Kf1 Bb7
21. f3 h6 22. Kf2 g5 23. h3 Re5 24. Nf1 Nd7 25. Be3 Kf8 26. g4 Re6 27. Ra5 Rf6
28. Nd2 Ke8 29. Bxc5 Nxc5 30. Rxc5 Kd7 31. Re5 Re6 32. Rxe6 Kxe6 33. Ke3 Ke5 34.
Nf1 f6 35. Ng3 Bc8 36. Ne2 f5 37. Nd4 f4+ 38. Kd3 Bd7 39. c5 Kd5 40. c6 Bxc6 41.
Nxc6 Kxc6 42. Ke4 Kc5 43. Kf5 Kd4 44. Kg6 Ke3 45. Kxh6 Kxf3 46. Kxg5 Kg3 47. h4
f3 48. h5 f2 49. h6 f1=Q 50. h7 Qh1 51. Kg6 Kxg4 52. Kg7 Kf4 53. h8=Q Qxh8+ 54.
Kxh8 Ke3 55. Kg7 Kd2 56. Kf6 Kc2 57. Ke5 Kxb2 {White resigns} 0-1  aics%